 Dungeon Crawl Stone Soup version 0.28-a0-1387-g3a22ab9bdc (webtiles) character file.

Game seed: 6647741845591611054

1227 Deminshera the Chopper (level 8, -3/64 (73) HPs)
             Began as a Hill Orc Abyssal Knight on Jan 2, 2022.
             Was a Believer of Lugonu.
             Slain by a wight (13 damage)
             ... on level 5 of the Dungeon.
             The game lasted 00:09:29 (9295 turns).

Deminshera the Chopper (Hill Orc Abyssal Knight)    Turns: 9295, Time: 00:09:30

HP:   -3/64 (73)    AC:  8    Str: 18    XL:     8   Next: 48%
MP:   11/11         EV: 10    Int: 10    God:    Lugonu [**....]
Gold: 346           SH:  0    Dex: 11    Spells: 7/7 levels left

rFire   . . .      SeeInvis .   a - +1 hand axe
rCold   . . .      Faith    +   (no shield)
rNeg    . . .      Spirit   .   o - +0 scale mail
rPois   .          Reflect  .   (no helmet)
rElec   .          Harm     .   u - +0 cloak
rCorr   .          Rampage  .   (no gloves)
Will    .....                   (no boots)
Stlth   ..........              m - amulet of faith
HPRegen 0.20/turn               (no ring)
MPRegen 0.12/turn               (no ring)

@: mighty, heavily drained
A: no striking features
a: Renounce Religion, Depart the Abyss, Bend Space


You were on level 5 of the Dungeon.
You worshipped Lugonu.
Lugonu was pleased with you.
You visited 1 branch of the dungeon, and saw 6 of its levels.
You visited the Abyss 1 time.

You collected 346 gold pieces.

Inventory:

Hand Weapons
 a - a +1 hand axe (weapon)
 n - a +1 shortbow of freezing
Missiles
 p - 66 arrows
Armour
 b - a +0 buckler
 o - a +0 scale mail (worn)
 q - a +1 tower shield of reflection
 u - a +0 cloak (worn)
 x - a +0 kite shield
Jewellery
 m - an amulet of faith (around neck)
Wands
 i - a wand of charming (1)
 t - a wand of iceblast (7)
Scrolls
 c - 3 scrolls of teleportation {unknown}
 d - a scroll of brand weapon {unknown}
 f - 2 scrolls of immolation {unknown}
 g - a scroll of holy word {unknown}
 h - a scroll of enchant armour {unknown}
 j - 2 scrolls of fog {unknown}
 k - 7 scrolls of identify {unknown}
 l - a scroll of noise {unknown}
Potions
 r - a potion of brilliance {unknown}
 s - a potion of heal wounds {unknown}
 v - a potion of curing {unknown}
 w - a potion of ambrosia


   Skills:
 + Level 7.3 Fighting
 + Level 7.4 Axes
 - Level 3.4 Armour
 - Level 2.1 Dodging
 + Level 4.8 Shields
 - Level 4.0 Invocations


You had 7 spell levels left.
You didn't know any spells.
Your spell library contained the following spells:

 Spells                   Type           Power      Damage    Failure   Level
 Malign Gateway           Summ/Tloc      0%         N/A       100%        7
 Summon Horrible Things   Summ           0%         N/A       100%        8


Dungeon Overview and Level Annotations

Branches:
Dungeon (6/15)             Temple (0/1) D:4

Altars:
Ashenzari
Elyvilon
Fedhas
Hepliaklqana
Sif Muna
Xom
Yredelemnul

Annotations:
D:5 2 transporters, Grim's ghost, novice FoFi


Message History

You climb upwards.
Level annotation: 2 transporters, Grim's ghost, novice FoFi
There is a stone staircase leading down here.
You hit the wight but do no damage. The wight barely misses you.
You hit the wight.
The wight is moderately damaged.
The wight misses you.
You hit the wight but do no damage.
The wight is moderately damaged.
The wight barely misses you.
You closely miss the wight.
The wight is moderately damaged.
The wight hits you with a +5 short sword of freezing.
You feel drained. The wight freezes you.
You completely miss the wight.
The wight is moderately damaged.
The wight closely misses you.
You hit the wight but do no damage.
The wight is moderately damaged.
The wight hits you with a +5 short sword of freezing!
You feel drained. The wight freezes you.
You hit the wight.
The wight is heavily damaged.
The wight hits you with a +5 short sword of freezing.
* * * LOW HITPOINT WARNING * * *
You feel drained.
* * * LOW HITPOINT WARNING * * *
The wight freezes you.
* * * LOW HITPOINT WARNING * * *
You barely miss the wight.
The wight is heavily damaged.
The wight hits you with a +5 short sword of freezing.
* * * LOW HITPOINT WARNING * * *
You feel drained.
* * * LOW HITPOINT WARNING * * *
The wight freezes you.
* * * LOW HITPOINT WARNING * * *
You feel very mighty all of a sudden.
The wight hits you with a +5 short sword of freezing!
You die...

#.# #.#
#.####.#...###.##.
###.#
#.#####.####.##'##
#.##. #...#
#............##.#
#.#.# #.###
####.##########.#
##.#.. ##.# #.#
##.###.©#©y ...#
#.##### ##...#...#.y
#..# #.#...#
#......#.#.# #..#
#..z#.#####...#.#.# .
#..#
###.@...........#.###
.<.#
##########.##...##.
#.## #.####.### ..#
#.# #..## ### #.#
##..# #.### ##..
######## #...# ###
#......# ######...###
#.####.#
#..........####


You could see a wight.

Vanquished Creatures
  Sigmund (D:6)
  Eustachio (D:4)
  A necrophage (D:5)
  A gnoll sergeant (D:6)
  A scorpion (D:6)
  A wight (D:6)
  A centaur zombie (D:6)
  2 orc priests
  3 hounds
  A gnoll shaman (D:6)
  A jelly (D:6)
  4 iguanas
  4 orc wizards
  8 gnolls
  8 adders
  3 ufetubi
  An adder skeleton (D:4)
  11 orcs
  8 ball pythons
  3 bats
  6 endoplasms
  3 giant cockroaches
  3 goblins
  3 hobgoblins
  2 jackals (D:4)
  2 quokkas
  5 frilled lizards (D:1)
  8 kobolds
  3 rats
  A spectral orc (D:5)
100 creatures vanquished.

Vanquished Creatures (collateral kills)
  A gnoll (D:3)
1 creature vanquished.

Vanquished Creatures (others)
  3 gnolls
  An orc (D:3)
4 creatures vanquished.

Grand Total: 105 creatures vanquished

Notes
Turn   | Place    | Note
-------+----------+-------------------------------------------
     0 | Abyss:1  | Deminshera the Hill Orc Abyssal Knight began the quest for
                  | the Orb.
     0 | Abyss:1  | Reached XP level 1. HP: 19/19 MP: 2/2
    23 | Abyss:1  | Noticed a wizard
    64 | Abyss:2  | Noticed an orange demon
   129 | Abyss:5  | Entered Level 5 of the Abyss
   129 | Abyss:5  | Noticed an ancient zyme
   129 | Abyss:5  | Noticed a cacodemon
   130 | Abyss:5  | Noticed an ancient zyme
   131 | D:1      | Escaped the Abyss
   524 | D:1      | Reached skill level 1 in Dodging
   524 | D:1      | Reached XP level 2. HP: 22/27 MP: 3/3
   923 | D:1      | Reached * piety under Lugonu
  1139 | D:1      | Found a faded altar of an unknown god.
  1239 | D:1      | Reached XP level 3. HP: 27/33 MP: 5/5
  2322 | D:2      | Reached XP level 4. HP: 36/40 MP: 6/6
  3398 | D:3      | Found a shimmering altar of Xom.
  4464 | D:3      | Reached XP level 5. HP: 44/47 MP: 7/7
  4662 | D:3      | You fall into a shaft and drop 2 floors!
  4662 | D:5      | Entered Level 5 of the Dungeon
  4896 | D:4      | Found a staircase to the Ecumenical Temple.
  4919 | D:4      | Found a blossoming altar of Fedhas.
  5116 | D:3      | Reached XP level 6. HP: 22/53 MP: 7/9
  5353 | D:4      | Found a broken altar of Ashenzari.
  6037 | D:4      | Reached ** piety under Lugonu
  6131 | D:4      | Noticed Eustachio
  6149 | D:4      | Killed Eustachio
  6150 | D:4      | Reached skill level 5 in Fighting
  6150 | D:4      | Reached skill level 5 in Axes
  6550 | D:4      | Found a white marble altar of Elyvilon.
  6552 | D:4      | Found a hazy altar of Hepliaklqana.
  6555 | D:4      | Found a shimmering blue altar of Sif Muna.
  6733 | D:5      | Noticed a necrophage
  6739 | D:5      | Killed a necrophage
  6740 | D:5      | Reached XP level 7. HP: 62/62 MP: 10/10
  7414 | D:5      | Found a transporter.
  7419 | D:5      | Found a transporter.
  7419 | D:5      | Noticed Grim's ghost (novice FoFi)
  8129 | D:5      | Found a basalt altar of Yredelemnul.
  8995 | D:6      | Reached XP level 8. HP: 70/71 MP: 11/11
  9207 | D:6      | Noticed Sigmund
  9216 | D:6      | Killed Sigmund
  9295 | D:5      | Slain by a wight

Illustrated notes

Levels and vault maps discovered:
D:1:      scummos_arrival_star, layout_basic,
          hellmonk_ecumenical_altar_prayer_group
D:2:      layout_loops_ring
D:3:      layout_basic, xom_teletrap_fun
D:4:      layout_basic, mainiacjoe_overflow_alcove_2, kennysheep_mini,
          minmay_overflow_temple_star_quad, temple_pool_b, uniq_eustachio
D:5:      layout_loops_corners, yredelemnul_forgotten_temple_becter,
          gammafunk_ghost_hive
D:6:      minmay_chambers_of_fours, layout_basic, uniq_sigmund

Skill      XL: |  1  2  3  4  5  6  7  8 |
---------------+-------------------------+-----
Dodging        | 1 2 |  2.1
Axes           | 3 4 5 6 7 |  7.4
Invocations    | 3 4 |  4.0
Fighting       | 4 5 6 7 |  7.3
Armour         | 3 |  3.4
Shields        | 2 3 4 |  4.8

Action                   |  1- 3 |  4- 6 |  7- 9 || total
-------------------------+-------+-------+-------++-------
Melee: Hand axe          |   115 |   157 |    62 ||   334
 Fire: Shortbow          |       |    20 |    78 ||    98
Invok: Depart the Abyss  |     1 |       |       ||     1
Evoke: Wand              |       |     5 |     5 ||    10
  Use: Potion            |       |     1 |     1 ||     2
Armor: Leather armour    |    39 |    20 |       ||    59
       Scale mail        |       |    34 |    53 ||    87
Dodge: Dodged            |    83 |    91 |    63 ||   237
Block: Tower shield      |       |    25 |       ||    25
       Buckler           |       |     4 |       ||     4

Table legend: (Time is in decaauts)
 A = Elapsed time spent in this place.
 B = Non-inter-level travel time spent in this place.
 C = Inter-level travel time spent in this place.
 D = Time resting spent in this place.
 E = Time spent auto-exploring this place.
 F = Levels seen in this place.
 G = Mean time per level.
                   A        B        C        D        E       F      G
               +--------+--------+--------+--------+--------+-----+--------+
         Total |   9368 |   9129 |    239 |   3713 |   4233 |  11 |  851.6 |
       Dungeon |   9236 |   8997 |    239 |   3713 |   4174 |   6 | 1539.3 |
         Abyss |    132 |    132 |      0 |      0 |     59 |   5 |   26.4 |
               +--------+--------+--------+--------+--------+-----+--------+

Top non-repeatable levels by time:
     D:5: 2151 daAuts
     D:3: 2083 daAuts
     D:2: 1554 daAuts
     D:4: 1355 daAuts
     D:1: 1281 daAuts
     D:6: 810 daAuts
 Abyss:2: 60 daAuts
 Abyss:1: 26 daAuts
 Abyss:3: 23 daAuts
 Abyss:4: 19 daAuts
 Abyss:5: 1 daAuts
